 Dungeon Crawl Stone Soup version 0.24.0-123-gd5b16e6ec5 (webtiles) character file.

Game seed: 17550210854915179381, levelgen mode: deterministic

10843 Hybris the Thaumaturge (level 11, -2/83 HPs)
             Began as a Gnoll Wizard on Dec 25, 2019.
             Was a Priest of Vehumet.
             Slain by a purple ugly thing (12 damage)
             ... while paralysed by a great orb of eyes
             ... in a Gauntlet on Dec 26, 2019.
             The game lasted 01:05:52 (13539 turns).

Hybris the Thaumaturge (Gnoll Wizard)              Turns: 13539, Time: 01:05:52

Health: -2/83      AC: 11    Str: 10    XL:     11   Next: 68%
Magic:  15/24      EV:  2    Int: 23    God:    Vehumet [***...]
Gold:   990        SH:  0    Dex: 16    Spells: 20/29 levels left

rFire    . . .     SeeInvis .   I - +3 trident (venom)
rCold    . . .     Gourm    +   (no shield)
rNeg     + . .     Faith    .   H - +2 scale mail {rN+}
rPois    .         Spirit   .   b - +0 hat
rElec    .         Reflect  .   (no cloak)
rCorr    .         Harm     .   (no gloves)
MR       +....     NoTele   +   F - +0 pair of boots
Stlth    ++........             g - amulet of the gourmand
HPRegen  0.23/turn              m - ring of protection from magic
MPRegen  0.19/turn              z - +2 ring of dexterity

@: paralysed
A: distributed training, fangs 1, strong nose
a: Renounce Religion


You were in a Gauntlet.
You worshipped Vehumet.
Vehumet was most pleased with you.
You were very full.

You visited 2 branches of the dungeon, and saw 12 of its levels.
You also visited: Bailey and Gauntlet.

You collected 990 gold pieces.

Inventory:

Hand Weapons
 I - a +3 trident of venom (weapon)
Missiles
 n - 37 poisoned darts (quivered)
Armour
 b - a +0 hat (worn)
 F - a +0 pair of boots (worn)
 H - a +2 scale mail of positive energy (worn)
Jewellery
 g - an amulet of the gourmand (around neck)
 m - a ring of protection from magic (left hand)
 u - an uncursed ring of protection from fire
 w - an uncursed ring of wizardry
 z - a +2 ring of dexterity (right hand)
 L - an uncursed amulet of rage
Wands
 l - a wand of disintegration (22)
 D - a wand of random effects (5)
 K - a wand of flame (10)
 M - a wand of polymorph (14)
 N - a wand of digging (5)
Scrolls
 e - 4 scrolls of teleportation
 h - 5 scrolls of remove curse
 o - 3 scrolls of fog
 t - a scroll of magic mapping
 v - a scroll of blinking
 x - a scroll of enchant weapon
 A - a scroll of fear
 B - 2 scrolls of enchant armour
 C - 2 scrolls of random uselessness {unknown}
 G - 5 scrolls of identify
 J - a scroll of holy word {unknown}
Potions
 a - a potion of mutation {unknown}
 c - 2 potions of lignification {unknown}
 f - 3 potions of flight
 i - a potion of agility {unknown}
 j - 7 potions of curing
 k - 2 potions of berserk rage
 p - 2 potions of heal wounds {unknown}
 q - 3 potions of magic
 r - a potion of haste {unknown}
 s - 4 potions of might
 E - 2 potions of resistance
Miscellaneous
 y - a phantom mirror
Comestibles
 d - 29 rations


   Skills:
 + Level 6.4 Fighting
 + Level 6.4 Short Blades
 + Level 6.4 Long Blades
 + Level 6.4 Axes
 + Level 6.4 Maces & Flails
 + Level 6.4 Polearms
 + Level 6.4 Staves
 + Level 6.4 Slings
 + Level 6.4 Bows
 + Level 6.4 Crossbows
 + Level 6.4 Throwing
 + Level 6.4 Armour
 + Level 8.0 Dodging
 + Level 7.7 Stealth
 + Level 6.4 Shields
 + Level 6.4 Unarmed Combat
 + Level 9.6 Spellcasting
 + Level 5.8 Conjurations
 + Level 5.3 Hexes
 + Level 5.3 Charms
 + Level 5.8 Summonings
 + Level 5.3 Necromancy
 + Level 5.8 Translocations
 + Level 5.3 Transmutations
 + Level 5.3 Fire Magic
 + Level 5.3 Ice Magic
 + Level 5.3 Air Magic
 + Level 5.3 Earth Magic
 + Level 5.3 Poison Magic
 + Level 7.0 Invocations
 + Level 6.4 Evocations


You had 20 spell levels left.
You knew the following spells:

 Your Spells              Type           Power        Failure   Level  Hunger
a - Magic Dart            Conj           ####         1%          1    None
b - Blink                 Tloc           N/A          4%          2    None
d - Conjure Flame         Conj/Fire      #####...     2%          3    None
e - Mephitic Cloud        Conj/Pois/Air  #####...     2%          3    None

Your spell library contained the following spells:

 Spells                   Type           Power        Failure   Level  Hunger
 Inner Flame              Hex/Fire       #####...     3%          3    None
 Confusing Touch          Hex            #####.       3%          1    None
 Call Imp                 Summ           #####...     4%          2    None
 Slow                     Hex            #####...     5%          2    None
 Gell's Gravitas          Tloc           #####.....   9%          3    None
 Confuse                  Hex            #####...     11%         3    None
 Yara's Violent Unravell  Hex/Tmut       #####.....   24%         5    ####...
 Petrify                  Tmut/Erth      #####...     34%         4    ##.....
 Metabolic Englaciation   Hex/Ice        #####.....   67%         5    ####...
 Malign Gateway           Summ/Tloc      #####.....   100%        7    #######
 Monstrous Menagerie      Summ           #####.....   100%        7    #######
 Summon Greater Demon     Summ           #####.....   100%        7    #######
 Summon Horrible Things   Summ           #####.....   100%        8    #######


Dungeon Overview and Level Annotations

Branches:
Dungeon (11/15)            Temple (1/1) D:6            Lair (0/6) D:11
    Orc (0/2) D:10         Bailey (visited)         Gauntlet (1/1)

Altars:
Ashenzari
Cheibriados
Dithmenos
Elyvilon
Fedhas
Gozag
Hepliaklqana
Kikubaaqudgha
Makhleb
Nemelex Xobeh
Okawaru
Qazlal
Ru
Sif Muna
Uskayaw
Vehumet
Wu Jian
Xom
Yredelemnul
The Shining One

Shops:
D:5 [

Annotations:
D:8 exclusion: oklob plant Gauntlet 11 transporters, exclusion: ice statue


Innate Abilities, Weirdness & Mutations

Your experience applies equally to all skills.
You have very sharp teeth.
Your uncanny sense of smell can sniff out nearby items.


Message History

You feel sick.
You are no longer poisoned.
The great orb of eyes bites you.
Attack whom?
Press: ? - help, Dir - move target cursor, f/p - great orb of eyes
Aim: a great orb of eyes (lightly wounded, poisoned)
You hit the great orb of eyes.
The great orb of eyes is moderately wounded.
The great orb of eyes bites you!
* * * LOW HITPOINT WARNING * * *
Casting: Blink (safe; 4% risk of failure)
Confirm with . or Enter, or press ? or * to list all spells.
You blink.
The great orb of eyes gazes at you.
You suddenly lose the ability to move!
The purple ugly thing tentacle-slaps you but does no damage.
The great orb of eyes bites you!
* * * LOW HITPOINT WARNING * * *
The purple ugly thing tentacle-slaps you!
You die...

###≈............≈∩≈......
#8#.......©......§§§....©
###§.###########.§§######
#..#.##.##.###...#.....
###..#.##.##.###.∩.#..##.
#8#..#.........#...#Z#..#
###..###..#.##©#...#.#..#
#..###G#..##.#...#..###
###..#..@u...#.#...#.#..#
#8#..##.#####..#...#.#..#
###..#..##.#####...#..##.
#..#..)[©!!..#...#..?.©
###..###########...######
#8#.....#.©.#....≈.......
###...8.#...#...§8§......
#.....#.©.#...§≈.......
###..###########...######


You could see a great orb of eyes and a purple ugly thing.

Vanquished Creatures
  Harold (D:7)
  Erica (D:10)
  A centaur warrior (D:11)
  A two-headed ogre (D:8)
  A queen ant (D:9)
  An ugly thing (Gauntlet)
  2 trolls
  2 hippogriffs
  Sigmund (D:3)
  4 hogs (D:8)
  A human (D:8)
  A steam dragon (D:4)
  4 soldier ants (D:9)
  An acid dragon (D:11)
  A floating eye (D:8)
  8 orc warriors
  3 ice beasts
  3 sky beasts
  A necrophage (D:6)
  3 phantoms
  2 ogres
  4 centaurs
  4 bullfrogs
  2 gnoll sergeants
  4 scorpions
  4 killer bees (D:8)
  5 wights
  4 howler monkeys
  5 crimson imps
  2 jellies
  A quasit (D:6)
  A bullfrog skeleton (D:6)
  6 hounds
  10 orc priests
  3 centaur skeletons
  8 orc wizards
  Jessica (D:2)
  2 iguanas
  17 worker ants
  Ijyb (D:4)
  2 howler monkey zombies
  8 adders
  13 gnolls
  2 adder skeletons
  A worm (D:2)
  A dart slug (D:4)
  4 leopard geckos
  39 orcs
  5 giant cockroaches
  14 goblins
  10 hobgoblins
  12 jackals
  7 quokkas
  5 ball pythons
  3 bats
  8 frilled lizards
  18 kobolds
  A leopard gecko zombie (D:8)
  A quokka zombie (D:10)
  13 rats
294 creatures vanquished.

Vanquished Creatures (others)
  A quokka (D:6)
1 creature vanquished.

Grand Total: 295 creatures vanquished

Notes
Turn   | Place    | Note
-------+----------+-------------------------------------------
     0 | D:1      | Hybris the Gnoll Wizard began the quest for the Orb.
     0 | D:1      | Reached XP level 1. HP: 13/13 MP: 8/8
   299 | D:1      | Reached XP level 2. HP: 19/19 MP: 8/10
   991 | D:2      | Reached XP level 3. HP: 25/25 MP: 7/11
  1114 | D:2      | Reached skill level 1 in Invocations
  1318 | D:2      | Found a sparkling altar of Nemelex Xobeh.
  1336 | D:2      | Reached skill level 1 in Fighting
  1336 | D:2      | Reached skill level 1 in Short Blades
  1336 | D:2      | Reached skill level 1 in Long Blades
  1336 | D:2      | Reached skill level 1 in Axes
  1336 | D:2      | Reached skill level 1 in Maces & Flails
  1336 | D:2      | Reached skill level 1 in Polearms
  1336 | D:2      | Reached skill level 1 in Staves
  1336 | D:2      | Reached skill level 1 in Slings
  1336 | D:2      | Reached skill level 1 in Bows
  1336 | D:2      | Reached skill level 1 in Crossbows
  1336 | D:2      | Reached skill level 1 in Throwing
  1336 | D:2      | Reached skill level 1 in Armour
  1336 | D:2      | Reached skill level 1 in Shields
  1336 | D:2      | Reached skill level 1 in Unarmed Combat
  1336 | D:2      | Reached skill level 1 in Evocations
  1423 | D:2      | Reached XP level 4. HP: 32/32 MP: 2/13
  1448 | D:2      | Noticed Jessica
  1452 | D:2      | Killed Jessica
  1465 | D:2      | Reached skill level 1 in Hexes
  1465 | D:2      | Reached skill level 1 in Charms
  1465 | D:2      | Reached skill level 1 in Necromancy
  1465 | D:2      | Reached skill level 1 in Transmutations
  1465 | D:2      | Reached skill level 1 in Fire Magic
  1465 | D:2      | Reached skill level 1 in Ice Magic
  1465 | D:2      | Reached skill level 1 in Air Magic
  1465 | D:2      | Reached skill level 1 in Earth Magic
  1465 | D:2      | Reached skill level 1 in Poison Magic
  2031 | D:3      | Noticed Sigmund
  2052 | D:2      | Learned a level 2 spell: Blink
  2056 | D:2      | Learned a level 3 spell: Conjure Flame
  2060 | D:2      | Learned a level 3 spell: Mephitic Cloud
  2115 | D:3      | Killed Sigmund
  2115 | D:3      | Reached XP level 5. HP: 30/38 MP: 8/14
  2115 | D:3      | Reached XP level 6. HP: 34/44 MP: 9/16
  2180 | D:3      | Found a shattered altar of Ashenzari.
  2467 | D:3      | Found a shadowy altar of Dithmenos.
  2526 | D:2      | Found an iron altar of Okawaru.
  2619 | D:3      | Found a glowing golden altar of the Shining One.
  2905 | D:4      | Reached skill level 5 in Dodging
  3231 | D:4      | Noticed Ijyb
  3239 | D:4      | Killed Ijyb
  3455 | D:4      | Found an opulent altar of Gozag.
  3455 | D:4      | Found a shimmering blue altar of Sif Muna.
  3456 | D:4      | Found a shattered altar of Ashenzari.
  3492 | D:4      | Reached XP level 7. HP: 39/50 MP: 16/18
  4222 | D:4      | Noticed a steam dragon
  4236 | D:4      | Killed a steam dragon
  4571 | D:5      | Entered Level 5 of the Dungeon
  4589 | D:5      | Found Ofracanu's Armour Boutique.
  4612 | D:5      | Reached skill level 5 in Stealth
  4681 | D:5      | Found a stormy altar of Qazlal.
  5166 | D:5      | Reached XP level 8. HP: 57/57 MP: 13/19
  6326 | D:6      | Reached skill level 8 in Spellcasting
  6569 | D:6      | Found a white marble altar of Elyvilon.
  6648 | D:6      | Reached XP level 9. HP: 65/65 MP: 14/21
  6895 | D:6      | Found a staircase to the Ecumenical Temple.
  6900 | Temple   | Entered the Ecumenical Temple
  7034 | Temple   | Became a worshipper of Vehumet
  7567 | D:7      | Noticed Harold
  8850 | D:7      | Killed Harold
  8850 | D:7      | Reached skill level 5 in Invocations
  8850 | D:7      | Reached XP level 10. HP: 57/73 MP: 2/22
  8924 | D:8      | Noticed a two-headed ogre
  9111 | D:8      | Found a flagged portal.
  9175 | Bailey   | Entered a bailey
  9219 | Bailey   | Reached * piety under Vehumet
  9219 | Bailey   | Offered knowledge of Sandblast by Vehumet.
  9631 | Bailey   | Found a burning altar of Makhleb.
  9693 | D:8      | Reached skill level 5 in Fighting
  9693 | D:8      | Reached skill level 5 in Short Blades
  9693 | D:8      | Reached skill level 5 in Long Blades
  9693 | D:8      | Reached skill level 5 in Axes
  9693 | D:8      | Reached skill level 5 in Maces & Flails
  9693 | D:8      | Reached skill level 5 in Polearms
  9693 | D:8      | Reached skill level 5 in Staves
  9693 | D:8      | Reached skill level 5 in Slings
  9693 | D:8      | Reached skill level 5 in Bows
  9693 | D:8      | Reached skill level 5 in Crossbows
  9693 | D:8      | Reached skill level 5 in Throwing
  9693 | D:8      | Reached skill level 5 in Armour
  9693 | D:8      | Reached skill level 5 in Shields
  9693 | D:8      | Reached skill level 5 in Unarmed Combat
  9693 | D:8      | Reached skill level 5 in Evocations
  9805 | D:8      | Paralysed by a floating eye for 4 turns
 10054 | D:8      | Killed a two-headed ogre
 10054 | D:8      | Reached ** piety under Vehumet
 10054 | D:8      | Offered knowledge of Throw Frost by Vehumet.
 10054 | D:8      | Reached skill level 9 in Spellcasting
 10086 | D:8      | Reached skill level 5 in Conjurations
 10086 | D:8      | Reached skill level 5 in Summonings
 10086 | D:8      | Reached skill level 5 in Translocations
 10185 | D:8      | Found a basalt altar of Yredelemnul.
 10363 | D:8      | Noticed an oklob plant
 10894 | D:9      | Reached XP level 11. HP: 78/81 MP: 22/24
 11135 | D:9      | Noticed a queen ant
 11154 | D:9      | Killed a queen ant
 12103 | D:10     | Entered Level 10 of the Dungeon
 12181 | D:10     | Offered knowledge of Inner Flame by Vehumet.
 12236 | D:10     | Reached skill level 5 in Hexes
 12236 | D:10     | Reached skill level 5 in Charms
 12236 | D:10     | Reached skill level 5 in Necromancy
 12236 | D:10     | Reached skill level 5 in Transmutations
 12236 | D:10     | Reached skill level 5 in Fire Magic
 12236 | D:10     | Reached skill level 5 in Ice Magic
 12236 | D:10     | Reached skill level 5 in Air Magic
 12236 | D:10     | Reached skill level 5 in Earth Magic
 12236 | D:10     | Reached skill level 5 in Poison Magic
 12376 | D:10     | Found a staircase to the Orcish Mines.
 12618 | D:10     | Noticed Erica
 12700 | D:10     | Killed Erica
 12927 | D:10     | Reached *** piety under Vehumet
 13114 | D:11     | Noticed a white ugly thing
 13164 | D:11     | Noticed a centaur warrior
 13165 | D:11     | Found a gate leading to a gauntlet.
 13182 | D:11     | Killed a centaur warrior
 13193 | Gauntlet | Entered a Gauntlet
 13193 | Gauntlet | Found a transporter.
 13193 | Gauntlet | Found a transporter.
 13193 | Gauntlet | Found a transporter.
 13193 | Gauntlet | Noticed a great orb of eyes
 13193 | Gauntlet | Noticed a death scarab
 13209 | Gauntlet | Noticed a purple ugly thing
 13211 | Gauntlet | Noticed a green ugly thing
 13213 | Gauntlet | Found a transporter.
 13226 | Gauntlet | Found a transporter.
 13245 | Gauntlet | Found a transporter.
 13254 | Gauntlet | Found a transporter.
 13261 | Gauntlet | Found a transporter.
 13303 | Gauntlet | Found a transporter.
 13323 | Gauntlet | Found a transporter.
 13329 | Gauntlet | Found a transporter.
 13346 | Gauntlet | Found a transporter.
 13491 | Gauntlet | Killed a green ugly thing
 13536 | Gauntlet | Paralysed by a great orb of eyes for 6 turns
 13539 | Gauntlet | Slain by a purple ugly thing

Levels and vault maps discovered:
D:1:      minmay_arrival_open_corners, layout_loops_ring
D:2:      lemuel_upstairs_altar, layout_loops_ring,
          nemelex_xobeh_ov_fountains_minmay, serial_bayou, serial_bayou_shore_a,
          serial_bayou_ford_a, serial_bayou_pond_e, serial_bayou_pond_c,
          uniq_jessica
D:3:      layout_basic, nicolae_dithmenos_through_a_glass_darkly,
          nicolae_tso_swordbearing_angel, dk_noncrumbling_3,
          evilmike_ruin_ashenzari, uniq_sigmund
D:4:      layout_layer_cave, gammafunk_temple_overflow_claw,
          grunt_decor_mini_mirrors, uniq_ijyb
D:5:      layout_gridville, lemuel_doored_altar, first_ration, serial_shops,
          shop_fountains
D:6:      layout_rooms, minmay_temple_entry_drinking_statues, elyvilon_altar_4
D:7:      layout_basic, uniq_harold
D:8:      layout_basic, yredelemnul_altar_generic, enter_bailey_3,
          grunt_livestock, st_stairs_7, disabler_island
D:9:      layout_gridville, minivault_23, minmay_another_anthill
D:10:     layout_cave_pools, orc_0_dummy, uniq_erica
D:11:     layout_irregular_city, lair_entry_dummy, gauntlet_entry_generic
Temple:   nicolae_temple_figure_eight
Gauntlet: gammafunk_gauntlet_shortcut [gammafunk_gauntlet_arena_crates,
          gammafunk_gauntlet_arena_teeth, nicolae_gauntlet_arena_quarters,
          nicolae_gauntlet_arena_flowing_pool, gammafunk_gauntlet_arena_split_x,
          gammafunk_gauntlet_arena_split_diamond, gauntlet_exit_watery]

Skill      XL: |  1  2  3  4  5  6  7  8  9 10 11 |
---------------+----------------------------------+-----
Conjurations   | 2 3 4 5 |  5.8
Summonings     | 2 3 4 5 |  5.8
Translocations | 2 3 4 5 |  5.8
Invocations    | 1 2 3 4 5 6 7 |  7.0
Fighting       | 1 2 3 4 5 6 |  6.4
Short Blades   | 1 2 3 4 5 6 |  6.4
Long Blades    | 1 2 3 4 5 6 |  6.4
Axes           | 1 2 3 4 5 6 |  6.4
Maces & Flails | 1 2 3 4 5 6 |  6.4
Polearms       | 1 2 3 4 5 6 |  6.4
Staves         | 1 2 3 4 5 6 |  6.4
Slings         | 1 2 3 4 5 6 |  6.4
Bows           | 1 2 3 4 5 6 |  6.4
Crossbows      | 1 2 3 4 5 6 |  6.4
Throwing       | 1 2 3 4 5 6 |  6.4
Armour         | 1 2 3 4 5 6 |  6.4
Shields        | 1 2 3 4 5 6 |  6.4
Unarmed Combat | 1 2 3 4 5 6 |  6.4
Evocations     | 1 2 3 4 5 6 |  6.4
Hexes          | 1 2 3 4 5 |  5.3
Charms         | 1 2 3 4 5 |  5.3
Necromancy     | 1 2 3 4 5 |  5.3
Transmutations | 1 2 3 4 5 |  5.3
Fire Magic     | 1 2 3 4 5 |  5.3
Ice Magic      | 1 2 3 4 5 |  5.3
Air Magic      | 1 2 3 4 5 |  5.3
Earth Magic    | 1 2 3 4 5 |  5.3
Poison Magic   | 1 2 3 4 5 |  5.3
Dodging        | 5 6 7 8 |  8.0
Stealth        | 5 6 7 |  7.7
Spellcasting   | 8 9 |  9.6

Action                   |  1- 3 |  4- 6 |  7- 9 | 10-12 || total
-------------------------+-------+-------+-------+-------++-------
Melee: Short sword       |    13 |    22 |       |       ||    35
       Bite              |     2 |     4 |    17 |    34 ||    57
       Trident           |       |     8 |   239 |   334 ||   581
       Punch             |       |       |       |     7 ||     7
Throw: Dart              |     2 |       |    35 |    38 ||    75
 Cast: Magic Dart        |   101 |    89 |   229 |   210 ||   629
       Mephitic Cloud    |       |     3 |    41 |    39 ||    83
       Blink             |       |       |    20 |    12 ||    32
       Conjure Flame     |       |       |     1 |     2 ||     3
Evoke: Wand              |       |       |     4 |     8 ||    12
  Use: Scroll            |       |     1 |    15 |     2 ||    18
 Stab: Confused          |       |     3 |     9 |    24 ||    36
       Sleeping          |       |     1 |     3 |     1 ||     5
       Distracted        |       |       |       |     1 ||     1
  Eat: Chunk             |    14 |     6 |    17 |    15 ||    52
Armor: Robe              |     4 |       |    18 |       ||    22
       Scale mail        |       |       |       |   107 ||   107
Dodge: Dodged            |    27 |    19 |   160 |   122 ||   328
